 Dungeon Crawl Stone Soup version 0.31-a0-1074-g0b22e4e0f1 (webtiles) character file.

Game seed: 14486873633997109886

3939 horus123 the Conjurer (level 9, 0/106 HPs)
             Began as a Demigod Earth Elementalist on Dec 3, 2023.
             Slain by a gnoll
             ... wielding a +0 spear
              (5 damage)
             ... on level 8 of the Dungeon.
             The game lasted 00:13:41 (7436 turns).

horus123 the Conjurer (Demigod Earth Elementalist)  Turns: 7436, Time: 00:13:42

Health: 0/106      AC: 28    Str: 13    XL:     9   Next: 70%
Magic:  21/21      EV:  2    Int: 25    God:
Gold:   340        SH:  0    Dex: 14    Spells: 4/20 levels left

rFire   . . .        H - +10 battleaxe of Moral Flaws {flame, *Rage rPois rN+ rCorr}
rCold   . . .        (shield currently unavailable)
rNeg    + . .        l - melded +4 leather armour of Patience {rF+ rC+ rN+}
rPois   +            (helmet currently unavailable)
rElec   .            K - melded scarf {+Inv}
rCorr   +            f - melded +0 pair of gloves
SInv    .            j - melded +0 pair of boots
Will    .....        (no amulet)
Stlth   ++           i - +4 ring of protection
HPRegen 0.37/turn    s - ring of resist corrosion
MPRegen 0.17/turn

%: random rage (20%)
@: tree-form, on berserk cooldown
A: stationary, stasis, torment immunity, boosted hp, high MP 1, forlorn, divine
attributes
a: no special abilities


You were on level 8 of the Dungeon.
You were a tree.
You visited 1 branch of the dungeon, and saw 8 of its levels.
You also visited: Ossuary.

You collected 719 gold pieces.
You spent 379 gold pieces at shops.

Inventory:

Hand Weapons
 h - a +0 short sword
 p - a +0 falchion
 y - a +0 war axe
 C - a +0 battleaxe
 H - the +10 battleaxe of Moral Flaws (weapon) {flame, *Rage rPois rN+ rCorr}
   (You bought it in a shop on level 8 of the Dungeon)

   rPois:     It protects you from poison rN+: It protects you from negative
   energy.
   *Rage:     It berserks you when you make melee attacks (+20% chance).
   rCorr:     It protects you from acid and corrosion.
Armour
 a - a +0 robe
 f - a +0 pair of gloves (melded)
 j - a +0 pair of boots (melded)
 l - the +4 leather armour of Patience (melded) {rF+ rC+ rN+}
   (You found it on level 3 of the Dungeon)

   rF+:       It protects you from fire.
   rC+:       It protects you from cold.
   rN+:       It protects you from negative energy.
 q - a +2 robe of willpower
 B - +0 steam dragon scales
 K - a scarf of invisibility (melded)
Jewellery
 i - a +4 ring of protection (left branch)
 s - a ring of resist corrosion (right branch)
 z - a ring of protection from cold
 I - a +4 ring of protection
Wands
 b - a wand of digging (7)
Scrolls
 c - 8 scrolls of teleportation
 g - 3 scrolls of revelation
 k - 2 scrolls of poison
 r - 2 scrolls of noise
 u - a scroll of vulnerability {unknown}
 v - 2 scrolls of fog {unknown}
 x - 4 scrolls of blinking {unknown}
 E - 3 scrolls of identify
 J - a scroll of amnesia {unknown}
Potions
 d - 2 potions of lignification
 e - 4 potions of curing
 m - 2 potions of berserk rage {unknown}
 n - 2 potions of haste {unknown}
 o - a potion of ambrosia {unknown}
 t - a potion of enlightenment {unknown}
 w - 2 potions of degeneration {unknown}
 A - a potion of cancellation {unknown}
 D - 3 potions of heal wounds {unknown}
 F - a potion of brilliance {unknown}
 G - a potion of might {unknown}


   Skills:
 - Level 4.0 Fighting
 + Level 5.1 Axes
 - Level 2.0 Armour
 - Level 1.7 Dodging
 - Level 1.7 Stealth
 - Level 6.0 Spellcasting
 - Level 7.0 Conjurations
 - Level 4.0 Transmutations
 - Level 5.0 Earth Magic


You had 4 spell levels left.
You knew the following spells:

 Your Spells              Type           Power      Damage    Failure   Level
a - Sandblast             Erth           64%        2d14      1%          1
b - Passwall              Tmut/Erth      25%        N/A       1%          2
c - Blink                 Tloc           14%        N/A       11%         2
d - Stone Arrow           Conj/Erth      74%        3d11      1%          3
e - Petrify               Tmut/Erth      30%        N/A       12%         4
f - Brom's Barrelling Bo  Conj/Erth      37%        2d6       6%          4

Your spell library contained the following spells:

 Spells                   Type           Power      Damage    Failure   Level
 Magic Dart               Conj           100%       1d8       1%          1
 Momentum Strike          Conj/Tloc      50%        3d9       2%          2
 Sting                    Tmut/Pois      68%        1d6       3%          1
 Necrotise                Necr           28%        1d5       8%          1
 Mephitic Cloud           Conj/Pois/Air  19%        N/A       9%          3
 Call Imp                 Summ           14%        N/A       11%         2
 Lesser Beckoning         Tloc           14%        N/A       11%         2
 Poisonous Vapours        Pois/Air       14%        N/A       11%         2
 Vampiric Draining        Necr           7%         2d6       22%         3
 Olgreb's Toxic Radiance  Pois           7%         N/A       58%         4
 Agony                    Necr           7%         N/A       90%         5
 Conjure Ball Lightning   Conj/Air       12%        3x3d6     95%         6
 Discord                  Hex            3%         N/A       100%        8
 Disjunction              Tloc           3%         N/A       100%        8


Dungeon Overview and Level Annotations

Branches:
Dungeon (8/15)             Temple (0/1) D:5         Ossuary (visited)
   Lair: D:8-11

Shops:
D:1 :   D:6 (   D:8 !(=


Innate Abilities, Weirdness & Mutations

You are a tree.
Your roots penetrate the ground, keeping you stationary.
You cannot be teleported.
You are immune to unholy pain and torment.
Your maximum health is greatly increased.
Your equipment is partially melded.
You have an increased reservoir of magic. (+10% MP)
You shall have no god before yourself.
Your divine heritage dramatically boosts your attributes as you level up.


Message History

You kill the orc priest!
You hit the gnoll bouda. You burn the gnoll bouda.
You feel yourself speed up.
A gnoll comes into view. It is wielding a +0 flail.
The gnoll bouda barks out a call to the hunt!
The gnoll picks up the pace!
The gnoll hits you but does no damage.
The gnoll bouda hits you but does no damage.
A kobold comes into view. It is wielding a +0 short sword.
The kobold hits you with a +0 short sword.
* * * LOW HITPOINT WARNING * * *
The gnoll hits you but does no damage.
The gnoll shouts!
You barely miss the kobold.
The kobold shouts!
You slash the gnoll bouda! You burn the gnoll bouda.
You kill the gnoll bouda!
The kobold completely misses you. The gnoll hits you but does no damage.
The hound bites you but does no damage. The kobold barely misses you.
The gnoll barely misses you.
You slash the kobold! You burn the kobold.
You kill the kobold!
You closely miss the hound. The hound bites you but does no damage.
The hound bites you.
* * * LOW HITPOINT WARNING * * *
The gnoll hits you but does no damage. The hound bites you but does no damage.
Unknown command.
You slice the hound!! You burn the hound.
You kill the hound!
You hit the kobold. You burn the kobold.
You kill the kobold!
The gnoll is no longer moving quickly.
The gnoll hits you but does no damage.
The orc warrior hits you but does no damage.
The gnoll hits you from afar with a +0 spear.
* * * LOW HITPOINT WARNING * * *
You slice the orc warrior!! You burn the orc warrior.
The orc warrior is severely wounded.
The orc warrior hits you but does no damage.
The gnoll hits you from afar with a +0 spear.
You die...

########################
.....#.!.+..†..$)gg.....'
.....#...+)$).).♣oKK!...'
..♣PP#...#'########''###
..PP♣# #...# .[(.....
..♣P♣ #...# $o..$..
...P♣# ##.>.# .ogg..
.....# ...♣P♣♣♣P#...#


KKhg. .....# #....PP..#')'## ##### .KK. #...P♣..P♣[...♣♣♣♣P..♣♣♣### ####
#......♣......PP♣PP..P♣P♣.♣♣♣..♣♣ You could see an orc warrior, 2 gnolls and 2
kobolds.

Vanquished Creatures
  Psyche (D:8)
  Prince Ribbit (D:7)
  Grinder (D:3)
  2 wyverns (D:7)
  Sigmund (D:5)
  A steam dragon (D:7)
  2 water moccasins
  2 ice beasts (D:5)
  An orc warrior (D:7)
  A sky beast (D:8)
  3 centaurs
  2 ogres
  A phantom (D:3)
  3 kobold brigands
  A bullfrog (D:7)
  4 scorpions
  6 killer bees (D:5)
  3 howler monkeys (D:7)
  5 hounds
  A gnoll bouda (D:8)
  4 orc priests
  5 orc wizards
  A sleepcap (D:8)
  8 mummies (Ossuary)
  11 gnolls
  5 adders
  2 shadow imps
  3 worms
  2 dart slugs
  14 orcs
  5 endoplasms
  6 goblins
  13 hobgoblins
  4 quokkas
  8 ball pythons
  6 bats
  2 frilled lizards
  A gnoll zombie (Ossuary)
  3 hobgoblin zombies (Ossuary)
  19 kobolds
  2 kobold zombies (Ossuary)
  2 orc zombies (Ossuary)
  4 rats
172 creatures vanquished.

Notes
Turn   | Place    | Note
-------+----------+-------------------------------------------
     0 | D:1      | horus123 the Demigod Earth Elementalist began the quest for
                  | the Orb.
     0 | D:1      | Reached XP level 1. HP: 14/14 MP: 5/5
   202 | D:1      | Reached XP level 2. HP: 20/20 MP: 6/8
   298 | D:1      | Found Utym's Book Emporium.
  1018 | D:2      | Learned a level 2 spell: Passwall
  1021 | D:2      | Learned a level 2 spell: Blink
  1119 | D:2      | Reached XP level 3. HP: 26/26 MP: 8/10
  1751 | D:3      | Noticed a scorpion
  1759 | D:3      | Killed a scorpion
  1760 | D:3      | Reached XP level 4. HP: 33/33 MP: 5/11
  1828 | D:3      | Noticed a phantom
  1834 | D:3      | Killed a phantom
  1835 | D:3      | Reached skill level 5 in Earth Magic
  1835 | D:3      | Reached XP level 5. HP: 38/38 MP: 7/12
  1910 | D:3      | Reached skill level 1 in Transmutations
  2141 | D:3      | Identified the +4 leather armour of Patience {rF+ rC+ rN+}
  2292 | D:3      | Noticed Grinder
  2297 | D:3      | Killed Grinder
  2298 | D:3      | Reached XP level 6. HP: 37/45 MP: 8/13
  2363 | D:3      | Learned a level 3 spell: Stone Arrow
  2658 | D:4      | Reached skill level 1 in Armour
  3288 | D:5      | Entered Level 5 of the Dungeon
  3288 | D:5      | Noticed Sigmund
  3324 | D:5      | Killed Sigmund
  3325 | D:5      | Reached XP level 7. HP: 47/55 MP: 5/14
  3924 | D:5      | Reached XP level 8. HP: 43/66 MP: 11/18
  4016 | D:5      | Learned a level 4 spell: Petrify
  4254 | D:5      | Reached skill level 5 in Spellcasting
  4506 | D:5      | Found a staircase to the Ecumenical Temple.
  4946 | D:6      | Reached skill level 1 in Conjurations
  5078 | D:6      | Found Haireh's Weapon Boutique.
  5270 | D:6      | Reached skill level 2 in Conjurations
  5492 | D:7      | Reached skill level 3 in Conjurations
  5494 | D:7      | Reached skill level 4 in Conjurations
  5726 | D:7      | Noticed Prince Ribbit
  5732 | D:7      | Killed Prince Ribbit
  5733 | D:7      | Reached skill level 5 in Conjurations
  5733 | D:7      | Reached XP level 9. HP: 71/71 MP: 11/21
  5890 | D:7      | Reached skill level 6 in Conjurations
  6145 | D:7      | Learned a level 4 spell: Brom's Barrelling Boulder
  6347 | D:8      | Found a sand-covered staircase.
  6351 | Ossuary  | Entered an ossuary
  6570 | Ossuary  | Reached skill level 7 in Conjurations
  6781 | D:8      | Reached skill level 1 in Axes
  6991 | D:8      | Noticed Psyche
  6997 | D:8      | Killed Psyche
  7058 | D:8      | Found Muskah's Distillery.
  7113 | D:8      | Found Puazucve's Antique Weapon Shoppe.
  7118 | D:8      | Bought a fine battleaxe for 379 gold pieces
  7118 | D:8      | Identified the +10 battleaxe of Moral Flaws {flame, *Rage
                  | rPois rN+ rCorr} (You bought it in a shop on level 8 of the
                  | Dungeon)
  7338 | D:8      | Found Buisk's Jewellery Shop.
  7431 | D:8      | Reached skill level 5 in Axes
  7435 | D:8      | HP: 4/106 [gnoll/+0 spear (3)]
  7436 | D:8      | Slain by a gnoll

Illustrated notes

Levels and vault maps discovered:
D:1:      psy_arrival_terrarium, layout_basic, serial_shops, shop
D:2:      layout_basic, basic_altar, minmay_pentomino_v2
D:3:      layout_basic, old_standard_altar, nicolae_overflow_two_pavilions,
          mainiacjoe_overflow_brackets, ebering_ecumenical_altar_rust,
          minivault_14, minmay_strange_pillars, uniq_grinder
D:4:      layout_basic
D:5:      layout_basic, lightli_temple_of_fire, minmay_temple_entry_nine_rooms,
          uniq_sigmund, uniq_crazy_yiuf_cottage
D:6:      layout_basic, elyvilon_altar_1, mainiacjoe_overflow_small_starburst,
          serial_shops, nicolae_shop_statue_plus
D:7:      layout_rooms, uniq_prince_ribbit1
D:8:      kennysheep_housing_project, layout_basic, enter_ossuary_5,
          serial_shops, nicolae_shop_trees, shop, shop, uniq_psyche

Skill      XL: |  1  2  3  4  5  6  7  8  9 |
---------------+----------------------------+-----
Spellcasting   | 2 3 4 6 |  6.0
Earth Magic    | 4 5 |  5.0
Transmutations | 3 4 |  4.0
Armour         | 2 |  2.0
Fighting       | 2 4 |  4.0
Conjurations   | 5 7 |  7.0
Axes           | 5 |  5.1
Dodging        | |  1.7
Stealth        | |  1.7

Action                     |  1- 3 |  4- 6 |  7- 9 || total
---------------------------+-------+-------+-------++-------
  Melee: Short sword       |     2 |       |       ||     2
         Battleaxe         |       |       |    83 ||    83
   Cast: Sandblast         |    65 |    50 |   164 ||   279
         Stone Arrow       |       |       |     6 ||     6
    Use: Scroll            |       |       |     6 ||     6
         Potion            |       |       |     2 ||     2
 Armour: Robe              |    15 |       |       ||    15
         Leather armour    |       |    17 |   249 ||   266
         Skin              |       |       |    27 ||    27
  Dodge: Dodged            |    18 |     7 |   162 ||   187

Table legend: (Time is in decaauts)
 A = Elapsed time spent in this place.
 B = Non-inter-level travel time spent in this place.
 C = Inter-level travel time spent in this place.
 D = Time resting spent in this place.
 E = Time spent auto-exploring this place.
 F = Levels seen in this place.
 G = Mean time per level.
                   A        B        C        D        E       F      G
               +--------+--------+--------+--------+--------+-----+--------+
         Total |   7646 |   7465 |    181 |    580 |   5649 |   9 |  849.6 |
       Dungeon |   7258 |   7077 |    181 |    580 |   5361 |   8 |  907.2 |
       Ossuary |    388 |    388 |      0 |      0 |    288 |   1 |  388.0 |
               +--------+--------+--------+--------+--------+-----+--------+

Top non-repeatable levels by time:
     D:5: 1591 daAuts
     D:1: 927 daAuts
     D:4: 905 daAuts
     D:2: 851 daAuts
     D:8: 828 daAuts
     D:6: 778 daAuts
     D:7: 703 daAuts
     D:3: 672 daAuts
 Ossuary: 388 daAuts
